 Dungeon Crawl Stone Soup version 0.31.0-32-g396128a36d (webtiles) character file.

Game seed: 10533837059241340893

199 James the Sneak (level 5, -9/29 HPs)
             Began as a Felid Fighter on Apr 20, 2024.
             Blown up by Ijyb (17 damage)
             ... with a mindburst bolt
             ... on level 3 of the Dungeon.
             The game lasted 00:05:51 (2082 turns).

James the Sneak (Felid Fighter)                     Turns: 2082, Time: 00:05:52

Health: -9/29      AC:  1    Str: 14    XL:     5   Next: 48%
Magic:  6/6        EV: 19    Int: 11    God:
Gold:   137        SH:  0    Dex: 16    Spells: 4/4 levels left
                                        Lives:  0   Deaths: 2

rFire   . .          .
                       - Unarmed
rCold   . . .        (shield unavailable)
rNeg    . . .        (body armour unavailable)
rPois   .            (helmet unavailable)
rElec   .            (cloak unavailable)
rCorr   .            (gloves unavailable)
SInv    +            (boots unavailable)
Will    .....        (no amulet)
Stlth   +++          (no ring)
HPRegen 0.24/turn    (no ring)
MPRegen 0.10/turn

%: no passive effects
@: no status effects
A: very small, claws 1, fangs 3, see invisible, shaggy fur 1, stealthy paws, no
weapons or thrown items, no armour, multi-lived
a: no special abilities


You were on level 3 of the Dungeon.
You visited 1 branch of the dungeon, and saw 3 of its levels.

You collected 137 gold pieces.

Inventory:

Wands
 k - a wand of polymorph (4)
   (You took it off Natasha on level 2 of the Dungeon)
Scrolls
 a - a scroll of noise {unknown}
 d - a scroll of teleportation {unknown}
 e - 2 scrolls of fear {unknown}
 g - 2 scrolls of revelation {unknown}
 h - a scroll of enchant armour {unknown}
 i - a scroll of vulnerability {unknown}
 j - a scroll of identify {unknown}
 n - a scroll of poison {unknown}
Potions
 b - a potion of heal wounds {unknown}
 c - a potion of mutation {unknown}
 f - a potion of curing {unknown}
 l - 2 potions of invisibility {unknown}
 m - 2 potions of ambrosia {unknown}


   Skills:
 + Level 3.9 Fighting
 - Level 5.0 Dodging
 - Level 6.0 Stealth
 - Level 4.0 Unarmed Combat


You had 4 spell levels left.
You didn't know any spells.
Your spell library was empty.

Dungeon Overview and Level Annotations

Branches:
Dungeon (3/15)

Altars:

Annotations:
D:3 Ijyb


Innate Abilities, Weirdness & Mutations

You have sharp claws.
You have razor-sharp teeth.
You have supernaturally acute eyesight. (SInv)
You are covered in fur. (AC +1)
Your paws help you pounce on unaware monsters.
You are incapable of wielding weapons or throwing items.
You cannot wear armour.
You gain extra lives every three experience levels.


Message History

A hobgoblin comes into view.
The hobgoblin shouts!
The bat closely misses you.
You scratch the bat.
You kill the bat!
The hobgoblin closely misses you.
You claw the hobgoblin!
You kill the hobgoblin!
No target in view!
No target in view!
No target in view!
You now have 137 gold pieces (gained 9).
There is a stone staircase leading down here.
Ijyb is nearby!
You miss Ijyb.
Ijyb shouts!
Ijyb hits you with a +0 club.
You barely miss Ijyb. Ijyb hits you with a +0 club.
Okay, then.
Unknown command.
Okay, then.
Unknown command.
You completely miss Ijyb. Your bite misses Ijyb.
Ijyb zaps a wand.
Your mind is blasted!
Unknown command.
You scratch Ijyb. Ijyb hits you with a +0 club.
Unknown command.
You scratch Ijyb but do no damage. Ijyb hits you with a +0 club.
* * * LOW HITPOINT WARNING * * *
You barely miss Ijyb. Ijyb closely misses you.
Unknown command.
You scratch Ijyb. Ijyb misses you.
Unknown command.
You scratch Ijyb. Your bite misses Ijyb. Ijyb hits you with a +0 club.
* * * LOW HITPOINT WARNING * * *
You scratch Ijyb but do no damage. Ijyb hits you with a +0 club.
* * * LOW HITPOINT WARNING * * *
You barely miss Ijyb.
Ijyb zaps a wand.
You struggle to resist.
You closely miss Ijyb. You bite Ijyb. Ijyb completely misses you.
Unknown command.
You scratch Ijyb.
Unknown command.
You scratch Ijyb but do no damage.
Ijyb zaps a wand.
Your mind is blasted!
Ouch! That really hurt!
You die...

.............#....##....#.......#
.###.........##..................
## #.........##.#....#.#........#
#.........##.####(.....####..#
#.........##.# ###.#.[.......
#............######.#..####...
#.........#...................
###########).....##.##...#####
#..@......##........
#.g....###########.#
#......#............
#......#....####....
#......#....# #.#.. #.##'###....#
#.#.. ...........†####.#.. ##.
#.......g†....#.#
######...########


You could see Ijyb.

Vanquished Creatures
  A bombardier beetle (D:3)
  Jessica (D:1)
  Natasha (thrice) (D:2)
  2 adders
  A dart slug (D:3)
  A ribbon worm (D:2)
  An orc (D:3)
  6 endoplasms
  2 goblins
  5 hobgoblins
  3 jackals (D:1)
  4 kobolds
  3 quokkas
  3 ball pythons
  7 bats
  4 frilled lizards
  A rat (D:1)
48 creatures vanquished.

Notes
Turn   | Place    | Note
-------+----------+-------------------------------------------
     0 | D:1      | James the Felid Fighter began the quest for the Orb.
     0 | D:1      | Reached XP level 1. HP: 12/12 MP: 2/2
    73 | D:1      | Reached skill level 1 in Stealth
   107 | D:1      | Reached skill level 2 in Stealth
   132 | D:1      | Reached XP level 2. HP: 16/16 MP: 3/3
   176 | D:1      | Reached skill level 3 in Stealth
   614 | D:2      | Noticed Natasha
   616 | D:2      | Killed Natasha
   617 | D:2      | Reached skill level 4 in Stealth
   617 | D:2      | Reached XP level 3. HP: 20/20 MP: 4/4
   831 | D:2      | Found a faded altar of an unknown god.
   831 | D:2      | Noticed Jessica
   838 | D:1      | Killed Jessica
   839 | D:1      | Reached skill level 5 in Stealth
   839 | D:1      | Reached XP level 4. HP: 24/24 MP: 5/5
   839 | D:1      | Gained a life (2 lives remaining)
   845 | D:2      | Noticed Natasha
   868 | D:2      | Killed Natasha
   869 | D:2      | Reached skill level 6 in Stealth
   873 | D:2      | Noticed Natasha
  1179 | D:2      | Killed from afar by Natasha
  1179 | D:2      | Lost a life (1 life remaining)
  1324 | D:2      | Killed Natasha
  1325 | D:2      | Reached skill level 5 in Dodging
  1325 | D:2      | Reached XP level 5. HP: 28/28 MP: 6/6
  1953 | D:3      | Noticed Ijyb
  1968 | D:3      | Blown up by Ijyb
  1968 | D:3      | Lost a life (0 lives remaining)
  2082 | D:3      | Blown up by Ijyb

Illustrated notes

Levels and vault maps discovered:
D:1:      onia_arrival_mini_spirals, layout_basic, kennysheep_crisscross
D:2:      kennysheep_big_flooded_room, layout_basic,
          nicolae_ecumenical_pavilion, uniq_jessica, uniq_natasha
D:3:      layout_basic, item_on_display_a, uniq_robin, uniq_ijyb

Skill      XL: |  1  2  3  4 |
---------------+-------------+-----
Stealth        | 2 4 5 6 |  6.0
Dodging        | 5 |  5.0
Fighting       | |  3.9
Unarmed Combat | |  4.0

Action                     |  1- 3 |  4- 6 || total
---------------------------+-------+-------++-------
  Melee: Unarmed           |    55 |    61 ||   116
         Bite              |     3 |     7 ||    10
         Punch             |     1 |       ||     1
    Use: Potion            |       |     1 ||     1
   Stab: Sleeping          |     4 |     8 ||    12
 Armour: Skin              |    13 |    23 ||    36
  Dodge: Dodged            |    55 |    29 ||    84
